 Dungeon Crawl Stone Soup version 0.23.1 (webtiles) character file.

Game seed: 3716000397277266755

5406 Borgoz the Slicer (level 10, -8/86 HPs)
             Began as a Ghoul Gladiator on Mar 7, 2019.
             Was an Initiate of Ashenzari.
             Killed from afar by an electric eel (12 damage)
             ... with a bolt of electricity
             ... on level 8 of the Dungeon.
             The game lasted 00:21:21 (11465 turns).

Borgoz the Slicer (Ghoul Gladiator)                Turns: 11465, Time: 00:21:21

Health: -8/86      AC: 11    Str: 21    XL:     10   Next: 67%
Magic:  9/9        EV: 13    Int: 10    God:    Ashenzari [......]
Gold:   426        SH:  0    Dex: 10    Spells: 5/9 levels left

rFire    . . .     SeeInvis .   a - +2 short sword (venom)
rCold    + . .     Gourm    .   (no shield)
rNeg     + + +     Faith    .   p - +0 ring mail
rPois    ∞         Spirit   .   c - +0 helmet
rElec    .         Reflect  .   I - +0 cloak
rCorr    .         Harm     .   (no gloves)
MR       .....                  i - +1 pair of boots
Stlth    ++........             C - amulet of regeneration
HPRegen  0.00/turn              j - +2 ring of strength
MPRegen  0.11/turn              q - +4 ring of intelligence

@: rotting
A: rotting body, claws 1, carnivore, cold resistance 1, negative energy
resistance 3, inhibited regeneration, torment resistance, unbreathing
a: Curse Item, Renounce Religion


You were on level 8 of the Dungeon.
You worshipped Ashenzari.
Ashenzari was noncommittal.
You were not hungry.

You visited 2 branches of the dungeon, and saw 9 of its levels.

You collected 426 gold pieces.

Inventory:

Hand Weapons
 a - a +2 short sword of venom (weapon)
 b - a +2 dagger of venom
 r - a +3 quarterstaff of chaos
 J - a +0 rapier
Missiles
 d - 2 throwing nets (quivered)
 l - 18 poisoned needles
 s - 9 tomahawks
Armour
 c - a +0 helmet (worn)
 i - a +1 pair of boots (worn)
 p - a +0 ring mail (worn)
 I - a +0 cloak (worn)
Jewellery
 j - a +2 ring of strength (left claw)
 q - a +4 ring of intelligence (right claw)
 y - a +2 amulet of reflection
 C - an amulet of regeneration (around neck)
Wands
 x - a wand of disintegration (19)
 A - a wand of random effects (13)
 B - a wand of digging (6)
 H - a wand of iceblast (14)
Scrolls
 e - a scroll of teleportation
 g - a scroll of torment {unknown}
 h - a scroll of amnesia
 v - a scroll of enchant weapon {unknown}
 D - a scroll of magic mapping {unknown}
 F - a scroll of silence {unknown}
 K - a scroll of enchant armour
Potions
 m - a potion of magic
 n - a potion of haste {unknown}
 o - 2 potions of invisibility
 u - a potion of berserk rage {unknown}
 w - 2 potions of might
 z - a potion of cancellation {unknown}
 E - 2 potions of heal wounds
 G - 3 potions of agility {unknown}
 L - a potion of curing
Comestibles
 f - 15 rations


   Skills:
 + Level 7.5 Fighting
 * Level 9.1 Short Blades
 - Level 1.7 Throwing
 + Level 6.4 Armour
 + Level 6.6 Dodging
 - Level 3.8 Stealth
 + Level 0.4 Spellcasting
 + Level 0.3 Hexes


You had 5 spell levels left.
You knew the following spells:

 Your Spells              Type           Power        Failure   Level  Hunger
a - Confusing Touch       Hex            #.....       45%         1    ##.....
b - Confuse               Hex            #.......     83%         3    ####...

Your spell library contained the following spells:

 Spells                   Type           Power        Failure   Level  Hunger
 Gell's Gravitas          Tloc           #.........   86%         3    ####...
 Petrify                  Tmut/Erth      #.......     99%         4    #####..
 Metabolic Englaciation   Hex/Ice        #.........   100%        5    ######.
 Yara's Violent Unravell  Hex/Tmut       #.........   100%        5    ######.


Dungeon Overview and Level Annotations

Branches:
Dungeon (8/15)             Temple (1/1) D:6
   Lair: D:8-11

Altars:
Ashenzari
Cheibriados
Dithmenos
Elyvilon
Fedhas
Gozag
Hepliaklqana
Kikubaaqudgha
Makhleb
Nemelex Xobeh
Okawaru
Qazlal
Ru
Sif Muna
Trog
Uskayaw
Vehumet
Wu Jian
Xom
Yredelemnul
Zin
The Shining One


Innate Abilities, Weirdness & Mutations

Your body is rotting away.
You thrive on raw meat.
You are immune to poison.
You have sharp fingernails.
You are carnivorous and can eat meat at any time.
Your flesh is cold resistant. (rC+)
You are immune to negative energy. (rN+++)
You do not regenerate when monsters are visible.
You are immune to unholy pain and torment.
You can survive without breathing.


Message History

You hit the white imp but do no damage.
The white imp is poisoned.
The white imp is heavily wounded.
You hit the white imp.
The white imp is heavily wounded.
The electric eel shoots out a bolt of lightning at you!
The bolt of electricity hits you!
* * * LOW HITPOINT WARNING * * *
The white imp hits you but does no damage.
You hit the white imp but do no damage.
The white imp looks as sick as possible!
The white imp is severely wounded.
You kill the white imp!
You kill the electric eel!
The electric eel looks more healthy.
The electric eel shoots out a bolt of lightning at you!
The bolt of electricity hits you.
* * * LOW HITPOINT WARNING * * *
Cornered, the electric eel turns to fight!
The electric eel shoots out a bolt of lightning at you!
The bolt of electricity hits the adder!
The bolt of electricity hits you!
You die...

..# #.....(....###### ..#
#...............#########
..#
#..######...###.........#
..#####..# ##..#
#########.# ..........
#..# #######.###
.#####.### #..#
#........)) .# #. ## #..#
#.######### .# #. #..
#..# #.# # .# .... #@.#
#.# # .# .%... #S.# #.#
.# #..#....#..# #.#
.#####.≈≈≈...≈†≈..# #.#
....≈≈≈≈≈≈#.#≈≈;≈≈≈# #.#
.##≈≈≈≈≈≈≈ #≈≈≈≈≈≈≈# #.#
....≈≈≈≈≈≈ #≈≈≈≈≈;## #.#
######.≈≈≈ #≈≈≈#### #.#
...... # . #o.. #.# ≈#


You could see 2 electric eels and an adder.

Vanquished Creatures
  Harold (D:7)
  A polar bear (D:8)
  A hornet (D:7)
  A spriggan (D:7)
  A yak (D:8)
  Edmund (D:6)
  2 orc warriors
  A sky beast (D:7)
  3 black bears
  A phantom (D:8)
  2 ice beasts (D:8)
  A necrophage (D:6)
  6 ogres
  3 centaurs
  A crocodile (D:8)
  Blork the orc (D:6)
  2 bullfrogs
  A gnoll sergeant (D:3)
  3 scorpions
  3 killer bees (D:7)
  3 wights (D:8)
  An electric eel (D:8)
  A centaur zombie (D:5)
  A bullfrog zombie (D:8)
  3 hounds
  A jelly (D:8)
  Crazy Yiuf (D:6)
  6 gnoll shamans
  7 orc priests
  4 iguanas
  Natasha (twice) (D:4)
  A centaur skeleton (D:4)
  6 orc wizards
  4 worker ants
  A bullfrog simulacrum (D:8)
  A hound skeleton (D:8)
  25 gnolls
  8 adders
  A hound simulacrum (D:8)
  4 white imps (D:8)
  2 ufetubi (D:8)
  2 adder skeletons (D:4)
  A worm (D:2)
  A dart slug (D:1)
  An adder simulacrum (D:8)
  4 leopard geckos
  26 orcs
  A ball python (D:1)
  5 bats
  5 giant cockroaches
  6 hobgoblins
  18 jackals (D:3)
  5 frilled lizards
  8 goblins
  5 kobolds
  A leopard gecko simulacrum (D:8)
  9 rats
217 creatures vanquished.

Vanquished Creatures (others)
  A wolf (D:8)
  A white imp (D:8)
2 creatures vanquished.

Grand Total: 219 creatures vanquished

Notes
Turn   | Place    | Note
-------+----------+-------------------------------------------
     0 | D:1      | Borgoz the Ghoul Gladiator began the quest for the Orb.
     0 | D:1      | Reached XP level 1. HP: 17/17 MP: 0/0
   229 | D:1      | Reached XP level 2. HP: 23/24 MP: 1/1
   649 | D:1      | Reached skill level 3 in Short Blades
   681 | D:1      | Reached skill level 1 in Armour
   897 | D:2      | Reached XP level 3. HP: 30/30 MP: 2/2
  1035 | D:2      | Reached skill level 1 in Stealth
  1294 | D:2      | Found a sparkling altar of Nemelex Xobeh.
  1308 | D:2      | Reached XP level 4. HP: 21/37 MP: 3/3
  1434 | D:2      | Found an ornate altar of the Wu Jian Council.
  1437 | D:2      | Found a burning altar of Makhleb.
  1467 | D:2      | Found a deep blue altar of Sif Muna.
  2347 | D:3      | Found a faded altar of an unknown god.
  2361 | D:3      | Reached XP level 5. HP: 33/44 MP: 4/4
  2506 | D:3      | Noticed an ogre
  2516 | D:3      | Killed an ogre
  2644 | D:3      | Reached XP level 6. HP: 39/51 MP: 5/5
  2682 | D:3      | Reached skill level 4 in Short Blades
  4096 | D:4      | Noticed Natasha
  4114 | D:4      | Killed Natasha
  4998 | D:2      | Reached XP level 7. HP: 39/55 MP: 6/6
  6283 | D:3      | Reached skill level 5 in Short Blades
  6634 | D:4      | Reached XP level 8. HP: 58/66 MP: 7/7
  7351 | D:4      | Noticed Natasha
  7365 | D:4      | Killed Natasha
  7487 | D:5      | Entered Level 5 of the Dungeon
  7574 | D:5      | Found an ancient bone altar of Kikubaaqudgha.
  7576 | D:5      | Found a bloodstained altar of Trog.
  7700 | D:5      | Reached skill level 6 in Short Blades
  8169 | D:5      | Reached skill level 5 in Fighting
  8768 | D:6      | Reached skill level 5 in Dodging
  8768 | D:6      | Reached XP level 9. HP: 62/73 MP: 8/8
  8995 | D:6      | Noticed Edmund
  8995 | D:6      | Noticed Blork the orc
  9009 | D:6      | Killed Blork the orc
  9029 | D:6      | Killed Edmund
  9029 | D:6      | Reached skill level 7 in Short Blades
  9097 | D:6      | Reached skill level 5 in Armour
  9234 | D:6      | Found a staircase to the Ecumenical Temple.
  9250 | Temple   | Entered the Ecumenical Temple
  9395 | Temple   | Became a worshipper of Ashenzari the Shackled
  9503 | D:6      | Found a runed translucent door.
  9504 | D:6      | Noticed Crazy Yiuf
  9520 | D:6      | Killed Crazy Yiuf
  9753 | D:7      | Found a bloodstained altar of Trog.
  9765 | D:7      | Noticed Harold
  9784 | D:7      | Killed Harold
  9784 | D:7      | Reached skill level 8 in Short Blades
  9827 | D:7      | Reached XP level 10. HP: 77/84 MP: 9/9
 11013 | D:8      | Reached skill level 9 in Short Blades
 11109 | D:8      | Learned a level 1 spell: Confusing Touch
 11113 | D:8      | Learned a level 3 spell: Confuse
 11463 | D:8      | HP: 4/86 [electric eel/bolt of electricity (3)]
 11465 | D:8      | Killed from afar by an electric eel

Skill      XL: |  1  2  3  4  5  6  7  8  9 10 |
---------------+-------------------------------+-----
Short Blades   | 3 4 5 6 8 9 |  9.1
Armour         | 1 2 3 4 5 6 |  6.4
Dodging        | 3 4 5 6 |  6.6
Stealth        | 1 2 3 |  3.8
Fighting       | 3 4 5 6 7 |  7.5
Throwing       | |  1.7
Spellcasting   | |  0.4
Hexes          | |  0.3

Action                   |  1- 3 |  4- 6 |  7- 9 | 10-12 || total
-------------------------+-------+-------+-------+-------++-------
Melee: Rapier            |   119 |   248 |   262 |       ||   629
       Dagger            |       |       |   250 |    27 ||   277
       Short sword       |       |       |       |   259 ||   259
Throw: Throwing net      |       |     2 |     3 |       ||     5
  Use: Scroll            |       |     6 |     3 |     3 ||    12
       Potion            |       |     3 |     3 |       ||     6
 Stab: Sleeping          |     1 |     3 |     3 |     2 ||     9
       Distracted        |       |       |     1 |       ||     1
       Held in net/web   |       |       |     1 |       ||     1
  Eat: Chunk             |     5 |    24 |    34 |    15 ||    78
Armor: Leather armour    |    36 |    96 |    12 |       ||   144
       Ring mail         |       |       |    93 |    86 ||   179
Dodge: Dodged            |    77 |   237 |   252 |   146 ||   712
